 Dungeon Crawl Stone Soup version 0.20.1-1-g8b1a95d (webtiles) character file.

67 Fisto the Covered (level 4, -6/35 HPs)
             Began as a Human Fighter on Nov 11, 2017.
             Was a Believer of Zin.
             Mangled by a gnoll
             ... wielding a +0 halberd
              (14 damage)
             ... on level 3 of the Dungeon.
             The game lasted 00:09:34 (2644 turns).

Fisto the Covered (Human Fighter)                   Turns: 2644, Time: 00:09:35

Health: -6/35      AC:  9    Str: 17    XL:     4   Next: 38%
Magic:  4/4        EV:  7    Int:  9    God:    Zin [**....]
Gold:   227        SH:  9    Dex: 12    Spells: 3/3 levels left

rFire    . . .     SeeInvis .   a - +0 rapier
rCold    . . .     Gourm    .   c - +0 shield
rNeg     . . .     Faith    .   b - +0 scale mail
rPois    .         Spirit   .   (no helmet)
rElec    .         Reflect  .   n - +0 cloak
rCorr    .         Harm     .   (no gloves)
MR       .....                  m - +0 pair of boots
Stlth    ..........             (no amulet)
Regen    0.2/turn               (no ring)
MPRegen  0.1/turn               (no ring)

@: about to teleport
A: no striking features
a: Recite, Vitalisation, Donate Gold, Renounce Religion


You were on level 3 of the Dungeon.
You worshipped Zin.
Zin was pleased with you.
You were not hungry.

You visited 1 branch of the dungeon, and saw 3 of its levels.

You collected 252 gold pieces.
You donated 25 gold pieces to Zin.

Inventory:

Hand Weapons
 a - a +0 rapier (weapon)
Armour
 b - a +0 scale mail (worn)
 c - a +0 shield (worn)
 m - a +0 pair of boots (worn)
 n - a +0 cloak (worn)
Wands
 d - a wand of disintegration (20/24)
Scrolls
 e - a scroll of remove curse
 g - 2 scrolls of teleportation
 h - 2 scrolls of identify
 j - a scroll of immolation
 k - a scroll of fog
Potions
 l - a potion of degeneration {unknown}
 o - a potion of lignification {unknown}
 s - a potion of agility {unknown}
Comestibles
 f - a bread ration
 i - a meat ration


   Skills:
 + Level 3.5 Fighting
 + Level 2.8 Short Blades
 + Level 3.6 Armour
 + Level 0.8 Dodging
 + Level 3.2 Shields


You had 3 spell levels left.
You didn't know any spells.

Dungeon Overview and Level Annotations

Branches:
Dungeon (3/15)

Altars:
Dithmenos
Gozag
Hepliaklqana
Zin

Annotations:
D:3 centipede's ghost, amateur DgTm


Message History

The gnoll is heavily wounded.
The gnoll hits you.
The gnoll hits you from afar with a halberd.
You block the gnoll's attack.
You hit the gnoll but do no damage.
The gnoll is heavily wounded.
The gnoll hits you but does no damage.
The gnoll hits you from afar with a halberd.
The gnoll barely misses you. The gnoll hits you but does no damage.
The gnoll barely misses you.
You hit the gnoll.
The gnoll is lightly wounded.
The gnoll hits you with a halberd!
* * * LOW HITPOINT WARNING * * *
The gnoll hits you but does no damage. The gnoll barely misses you.
As you read the scroll of teleportation, it crumbles to dust.
You feel strangely unstable.
The gnoll hits you from afar with a halberd!
You die...

#.# #...#.... # #.#
#...#..#### #. #.#
#..†#..##.#### #
#.##.###.............
#.#........#....##.##..
##................#..#..
........................
##.####.###.#...>.......
#.....@....#........#..
#.####.###.#...........
###g###.............
#.gg..=..>..........
#.#.###.#...........
#..../ ..............
##..[.# .#.....#....#
#..................#
....................


You could see 3 gnolls.

Vanquished Creatures
  An adder (D:3)
  An ooze (D:1)
  3 worms (D:2)
  A dart slug (D:2)
  5 bats
  5 giant cockroaches
  3 goblins
  2 hobgoblins (D:1)
  4 jackals (D:2)
  A ball python (D:2)
  2 frilled lizards
  5 kobolds
  8 rats
41 creatures vanquished.

Notes
Turn   | Place    | Note
-------+----------+-------------------------------------------
     0 | D:1      | Fisto the Human Fighter began the quest for the Orb.
     0 | D:1      | Reached XP level 1. HP: 18/18 MP: 1/1
   114 | D:1      | Reached XP level 2. HP: 23/24 MP: 2/2
   738 | D:1      | Reached XP level 3. HP: 29/29 MP: 3/3
  1167 | D:2      | Found a shadowy altar of Dithmenos.
  1168 | D:2      | Found a hazy altar of Hepliaklqana.
  1586 | D:2      | Reached XP level 4. HP: 18/35 MP: 4/4
  1967 | D:2      | Found an opulent altar of Gozag.
  1969 | D:2      | Found a glowing silver altar of Zin.
  2235 | D:2      | Became a worshipper of Zin the Law-Giver
  2235 | D:2      | Reached * piety under Zin
  2247 | D:3      | Noticed centipede's ghost (amateur DgTm)
  2625 | D:3      | Reached ** piety under Zin
  2644 | D:3      | Mangled by a gnoll

Action                   |  1- 3 |  4- 6 || total
-------------------------+-------+-------++-------
Melee: Rapier            |   135 |    36 ||   171
  Use: Scroll            |       |     7 ||     7
       Potion            |       |     2 ||     2
  Eat: Chunk             |     2 |     2 ||     4
       Meat ration       |       |     1 ||     1
Armor: Scale mail        |    74 |    20 ||    94
Dodge: Dodged            |    34 |    13 ||    47
Block: Shield            |    71 |    19 ||    90
